 Dungeon Crawl Stone Soup version 0.19-a0-1732-g0b18a7b (webtiles) character file.

84 Amnesiac the Digger (level 4, -3/24 HPs)
             Began as a Deep Elf Earth Elementalist on Sept 30, 2016.
             Killed by divine providence
             ... invoked by an orc priest
              (11 damage)
             ... on level 3 of the Dungeon.
             The game lasted 00:02:42 (899 turns).

Amnesiac the Digger (Deep Elf Earth Elementalist)    Turns: 899, Time: 00:02:43

Health: -3/24      AC:  6    Str:  5    XL:     4   Next: 23%
Magic:  6/12       EV: 13    Int: 20    God:
Gold:   32         SH:  0    Dex: 19    Spells: 2 memorised, 8 levels left

rFire  . . .     SeeInvis .     c - 43 stones
rCold  . . .     Gourm    .     m - +2 robe {MR+}
rNeg   . . .     Faith    .     (no shield)
rPois  .         Spirit   .     j - +1 helmet
rElec  .         Dismiss  .     (no cloak)
rCorr  .         Reflect  .     (no gloves)
MR     +....     Harm     .     (no boots)
Stlth  ++........               (no amulet)
                                (no ring)
                                f - +3 ring of dexterity

@: no status effects
A: sturdy frame 1
a: no special abilities


You were on level 3 of the Dungeon.
You were not hungry.

You visited 1 branch of the dungeon, and saw 4 of its levels.

You collected 32 gold pieces.

Inventory:

Hand Weapons
 b - a +0 dagger
 n - a +1 short sword of freezing
Missiles
 c - 43 stones (in hand)
 k - 4 curare-tipped needles
Armour
 j - a +1 helmet (worn)
 m - a +2 robe of magic resistance (worn)
Jewellery
 f - a +3 ring of dexterity (left hand)
Scrolls
 a - a scroll of magic mapping
Potions
 h - a potion of heal wounds
 i - 2 potions of cure mutation {unknown}
 l - a potion of curing {unknown}
Books
 e - a book of Geomancy

   Spells                             Type                      Level
   a - Sandblast                      Earth                        1
   b - Passwall                       Transmutation/Earth          2
   c - Stone Arrow                    Conjuration/Earth            3
   d - Petrify                        Transmutation/Earth          4
   e - Lee's Rapid Deconstruction     Earth                        5
Comestibles
 d - a bread ration
 g - 3 chunks of flesh


   Skills:
 - Level 2.4 Dodging
 - Level 2.4 Stealth
 - Level 4.0 Spellcasting
 - Level 2.0 Transmutations
 + Level 4.8 Earth Magic


You had 8 spell levels left.
You knew the following spells:

 Your Spells              Type           Power        Failure   Level  Hunger
f - Sandblast             Erth           ###...       1%          1    None
v - Passwall              Tmut/Erth      ###.......   6%          2    #......


Dungeon Overview and Level Annotations

Branches:
Dungeon (4/15)
 Temple: D:4-7

Altars:
Hepliaklqana


Innate Abilities, Weirdness & Mutations

Your movements are slightly less encumbered by armour. (ER -2)


Message History

Aiming: Sandblast
Press: ? - help, Shift-Dir - straight line, f/p - orc priest
Aim: an orc priest, wielding a dagger and wearing a chain mail (moderately wounded)
The rocky blast hits the orc priest.
The orc priest is moderately wounded.
The orc priest mumbles some strange prayers to Beogh against you.
You resist with some effort.
Unknown command.
Wield which item (- for none, * to show all)? (? for menu, Esc to quit)
Okay, then.
Casting: Sandblast
Confirm with . or Enter, or press ? or * to list all spells.
Aiming: Sandblast
Press: ? - help, Shift-Dir - straight line, f/p - orc priest
Aim: an orc priest, wielding a dagger and wearing a chain mail (moderately wounded)
The rocky blast hits the orc priest.
The orc priest is moderately wounded.
The orc priest invokes the aid of Beogh against you.
Beogh smites you!
You die...

#........# ....
#...>....###..#
#..).........####
#...............#
#...............###
#..................
#......()........#
#..##.###.....g.#
######.###......@o...#
.......#
#.##...........
########
#.##....###.... #
#######........ ...
####............... ..
......#.............
...####..........###
...# ###..#.....#
.).####......#..##


You could see an orc priest and a goblin.

Vanquished Creatures
  A hound skeleton (D:3)
  2 adders
  A worm (D:3)
  7 dart slugs (D:4)
  A leopard gecko (D:1)
  4 orcs
  2 bats
  A giant cockroach (D:2)
  A goblin (D:3)
  7 hobgoblins
  3 kobolds
  A frilled lizard (D:1)
  A rat (D:2)
32 creatures vanquished.

Notes
Turn   | Place    | Note
-------+----------+-------------------------------------------
     0 | D:1      | Amnesiac the Deep Elf Earth Elementalist began the quest for the Orb.
     0 | D:1      | Reached XP level 1. HP: 10/10 MP: 6/6
   120 | D:2      | Reached XP level 2. HP: 15/15 MP: 2/8
   277 | D:3      | Reached XP level 3. HP: 17/19 MP: 6/10
   305 | D:3      | Learned a level 2 spell: Passwall
   370 | D:3      | Found a hazy altar of Hepliaklqana.
   511 | D:3      | Gained mutation: Your movements are slightly less encumbered by armour. (ER -2) [potion of beneficial mutation]
   647 | D:4      | Reached XP level 4. HP: 24/24 MP: 8/12
   899 | D:3      | Killed from afar by an orc priest

Vault maps used:
D:1:      elethiomel_arrival_shortcut
D:2:      lemuel_statue_altar, uniq_jessica
D:3:      lemuel_crystal_altar, first_bread, minmay_stone_trees_small
D:4:      kennysheep_slugbush, tso_oasis_becter, hangedman_abyss_or_decor_stabs,
          uniq_eustachio

Skill      XL: |  1  2  3 |
---------------+----------+-----
Earth Magic    | 4 |  4.8
Spellcasting   | 4 |  4.0
Transmutations | 2 |  2.0
Dodging        | |  2.4
Stealth        | |  2.4

Action                   |  1- 3 |  4- 6 || total
-------------------------+-------+-------++-------
 Cast: Sandblast         |    46 |    16 ||    62
  Use: Scroll            |     4 |       ||     4
       Potion            |     1 |       ||     1
Armor: Robe              |     2 |     1 ||     3
Dodge: Dodged            |     9 |     5 ||    14
